AoeStats
← LaUlrich

Arena

510152507Analyzed
2v2 RM · 2d ago on Sep 29, 2026· 44m 50s· 4 players
Game mode
Random Map
Map size
Medium (4 player)
Population
200
Speed
Normal
Resources
Standard
Victory
Conquest
Starting age
Dark Age
Ending age
Imperial Age
RankedLock teamsTeams togetherTeam positionsShared explorationLock speedFull tech treeHidden civsTurbo modeCheats
Victory
Defeat
🇲🇽 Wei · Mexico
1201
+13
🇲🇽 Georgians · Mexico
1108
+18
🇳🇱 Vietnamese · Netherlands
1145
-16
🇺🇸 Goths · United States
1124
-15
Quilted Codpiece
4:44 Loom
10:54 Feudal Age
11:44 Double-Bit Axe
14:35 Castle Age
14:00 Scale Mail Armor
15:11 Horse Collar
16:17 Wheelbarrow
15:18 Man-at-Arms
15:21 Pikeman
16:02 Squires
22:58 Squires
22:21 Long Swordsman
26:08 Town Watch
26:38 Hand Cart
26:17 Long Swordsman
27:15 Chain Mail Armor
27:10 Forging
30:10 Imperial Age
27:37 Gold Mining
28:52 Bow Saw
28:46 Heavy Plow
30:15 Iron Casting
30:06 Anarchy
30:14 Halberdier
32:09 Two-Man Saw
32:17 Perfusion
33:39 Blast Furnace
33:48 Conscription
34:42 Onager
42:12 Chemistry
42:36 Fletching
Derk94
11:03 Feudal Age
15:00 Castle Age
12:56 Horse Collar
13:02 Double-Bit Axe
13:20 Gold Mining
15:57 Bow Saw
16:04 Heavy Plow
18:42 Wheelbarrow
17:55 Loom
21:17 Stone Mining
28:05 Hand Cart
27:39 Town Watch
28:34 Scale Barding Armor
28:40 Forging
29:28 Bloodlines
29:20 Husbandry
30:07 Chatras
33:20 Imperial Age
33:43 Elite Battle Elephant
35:05 Chain Barding Armor
35:21 Iron Casting
35:07 Devotion
39:57 Two-Man Saw
40:45 Plate Barding Armor
39:36 Elite Skirmisher
41:00 Paper Money
40:41 Fletching
40:52 Padded Archer Armor
40:21 Imperial Skirmisher
41:07 Thumb Ring
41:33 Ballistics
42:14 Chemistry
LaUlrich
11:45 Feudal Age
12:46 Loom
15:43 Castle Age
14:53 Double-Bit Axe
14:53 Horse Collar
27:05 Wheelbarrow
26:16 Town Watch
27:13 Bow Saw
26:54 Gold Mining
27:00 Stone Mining
30:48 Imperial Age
29:27 Heavy Plow
30:36 Ballistics
31:30 Forging
31:12 Fletching
31:23 Padded Archer Armor
31:29 Scale Barding Armor
32:30 Chemistry
36:42 Husbandry
36:52 Bloodlines
36:04 Light Cavalry
43:32 Iron Casting
43:17 Chain Barding Armor
42:53 Bodkin Arrow
43:14 Leather Archer Armor
43:04 Hussar
youtube.com/@Radio_Latex
10:35 Feudal Age
11:17 Horse Collar
15:19 Castle Age
15:51 Double-Bit Axe
17:29 Bow Saw
19:19 Heavy Plow
20:11 Wheelbarrow
25:13 Sanctity
26:49 Hand Cart
30:18 Imperial Age
27:33 Loom
27:47 Town Watch
28:15 Padded Archer Armor
28:37 Ballistics
29:22 Thumb Ring
29:09 Fletching
29:36 Leather Archer Armor
29:46 Bloodlines
29:37 Husbandry
30:09 Fortified Wall
30:17 Fortified Wall
30:24 Treadmill Crane
31:48 Stone Mining
31:50 Gold Mining
32:35 Conscription
32:41 Ming Guang Armor
32:48 Ming Guang Armor
32:20 Bodkin Arrow
33:23 Scale Barding Armor
33:29 Forging
33:04 Elite Tiger Cavalry
34:33 Chain Barding Armor
37:05 Chemistry
36:16 Masonry
36:36 Parthian Tactics
36:48 Iron Casting
36:14 Bracer
36:44 Ring Archer Armor
37:58 Squires
37:19 Pikeman
38:08 Scale Mail Armor
39:03 Halberdier
40:46 Theocracy
42:28 Blast Furnace
Connection lost

Rejoining the realm…

Still unreachable

The connection could not be restored.

Session expired

The server has moved on; the page needs a fresh start.